 Dungeon Crawl Stone Soup version 0.23.2-33-g5129a83184 (webtiles) character file.

Game seed: 10762076587027645587

53 Marnok the Covered (level 4, -2/36 HPs)
             Began as a Human Fighter on July 25, 2019.
             Slain by a water moccasin (3 damage)
             ... on level 3 of the Dungeon.
             The game lasted 00:03:49 (1088 turns).

Marnok the Covered (Human Fighter)                  Turns: 1088, Time: 00:03:51

Health: -2/36      AC:  7    Str: 14 (17) XL:     4   Next: 10%
Magic:  4/4        EV:  6    Int:  7 (8)  God:
Gold:   51         SH:  8    Dex:  9 (11) Spells: 3/3 levels left

rFire    . . .     SeeInvis .   a - +0 war axe
rCold    . . .     Gourm    .   c - +0 shield
rNeg     . . .     Faith    .   b - +0 scale mail
rPois    .         Spirit   .   (no helmet)
rElec    .         Reflect  .   (no cloak)
rCorr    .         Harm     .   (no gloves)
MR       .....                  (no boots)
Stlth    ..........             (no amulet)
HPRegen  0.12/turn              (no ring)
MPRegen  0.09/turn              (no ring)

@: lethally poisoned (-2 -> -16), very slightly contaminated
A: claws 1, rugged brown scales 1, clumsy 1
a: no special abilities


You were on level 3 of the Dungeon.
You were not hungry.

You visited 1 branch of the dungeon, and saw 3 of its levels.

You collected 51 gold pieces.

Inventory:

Hand Weapons
 a - a +0 war axe (weapon)
Missiles
 m - 7 javelins (quivered)
Armour
 b - a +0 scale mail (worn)
 c - a +0 shield (worn)
Scrolls
 e - a scroll of magic mapping
Potions
 i - a potion of magic
Comestibles
 f - 3 rations
 g - 6 chunks of flesh


   Skills:
 + Level 3.2 Fighting
 + Level 2.7 Axes
 + Level 3.5 Armour
 + Level 0.5 Dodging
 + Level 3.3 Shields


You had 3 spell levels left.
You didn't know any spells.
Your spell library was empty.

Dungeon Overview and Level Annotations

Branches:
Dungeon (3/15)

Altars:


Innate Abilities, Weirdness & Mutations

You have sharp fingernails.
You are partially covered in rugged brown scales. (AC +1, +3% HP)
You are clumsy. (Dex -2)


Message History

The water moccasin poisons you!
You slash the kobold!
You kill the kobold!
You closely miss the rat. You barely miss the water moccasin.
* * * LOW HITPOINT WARNING * * *
You feel very sick. You block the water moccasin's attack. The rat bites you.
* * * LOW HITPOINT WARNING * * *
The water moccasin bites you.
* * * LOW HITPOINT WARNING * * *
Okay, then.
Okay, then.
You hit the water moccasin.
The water moccasin is severely wounded.
You slash the rat!
You kill the rat!
* * * LOW HITPOINT WARNING * * *
You feel sick. You block the water moccasin's attack.
The water moccasin bites you.
You die...

,* *,***********,,,,,,,***,*
,********,**,,,,,,,,,,,,,**** *,*
,,,,,,,,,,,,,***********,* *,*
*********.######## *,* *,*
*,,,,,,,.....)..######*,* *,*
*,******,#...........#*,* *,* *,*
*,#...........#*,* *,* *,*
*,#....†S.....#*,* *,*
**,******,#.....@..!..#*,* *,*
,,,,,,,,,,#.....))....#*,* ***,*
,,,,,,,,,,#...........#*,* *,,,*
,,,,,,,,,,#...........#*,* *,*,*
,,,,,,,,,,####...........****,***
,,,,,,,,,,* #...........,,,,,,,,
,,,,,,,,,,* #...........****,***
,,,,,,,,,,* #...........* *,***
,,,,,,,,,,* #........[..* *,*,,


You could see a water moccasin.

Vanquished Creatures
  An adder (D:2)
  A dart slug (D:1)
  3 leopard geckos
  A giant cockroach (D:1)
  4 goblins
  4 hobgoblins
  5 jackals
  3 bats
  2 frilled lizards
  7 kobolds
  6 rats
37 creatures vanquished.

Notes
Turn   | Place    | Note
-------+----------+-------------------------------------------
     0 | D:1      | Marnok the Human Fighter began the quest for the Orb.
     0 | D:1      | Reached XP level 1. HP: 18/18 MP: 1/1
    75 | D:1      | Reached XP level 2. HP: 18/24 MP: 2/2
   688 | D:2      | Gained mutation: You are partially covered in rugged brown
                  | scales. (AC +1, +3% HP) [potion of mutation]
   688 | D:2      | Gained mutation: You are clumsy. (Dex -2) [potion of
                  | mutation]
   688 | D:2      | Gained mutation: You have sharp fingernails. [potion of
                  | mutation]
   692 | D:2      | Reached XP level 3. HP: 7/29 MP: 3/3
  1046 | D:3      | Reached XP level 4. HP: 34/36 MP: 4/4
  1078 | D:3      | Noticed a water moccasin
  1088 | D:3      | HP: 1/36 [poisoned by a water moccasin]
  1088 | D:3      | Slain by a water moccasin

Action                   |  1- 3 |  4- 6 || total
-------------------------+-------+-------++-------
Melee: War axe           |    98 |     9 ||   107
  Use: Potion            |     4 |       ||     4
       Scroll            |       |     6 ||     6
  Eat: Chunk             |     1 |       ||     1
Armor: Scale mail        |    74 |     8 ||    82
Dodge: Dodged            |    35 |     1 ||    36
Block: Shield            |    54 |     8 ||    62
